 Dungeon Crawl Stone Soup version 0.24.0-41-g2ae2f7f1be (webtiles) character file.

Game seed: 2401786245823947967, levelgen mode: deterministic

33 McKennaii the Skirmisher (level 3, 0/29 HPs)
             Began as a Demonspawn Fighter on Dec 9, 2019.
             Succumbed to an adder's poison
             ... on level 2 of the Dungeon.
             The game lasted 00:01:15 (597 turns).

McKennaii the Skirmisher (Demonspawn Fighter)        Turns: 597, Time: 00:01:15

Health: 0/29       AC:  9    Str: 17    XL:     3   Next: 12%
Magic:  3/3        EV:  9    Int:  9    God:
Gold:   59         SH:  9    Dex: 19    Spells: 2/2 levels left

rFire    . . .     SeeInvis .   a - +0 war axe
rCold    . . .     Gourm    .   c - +0 shield
rNeg     . . .     Faith    .   i - +0 chain mail
rPois    .         Spirit   .   (no helmet)
rElec    .         Reflect  .   (no cloak)
rCorr    .         Harm     .   (no gloves)
MR       .....                  (no boots)
Stlth    ..........             (no amulet)
HPRegen  0.09/turn              (no ring)
MPRegen  0.08/turn              (no ring)

@: agile, lethally poisoned (0 -> -9)
A: thin skeletal structure 1, deterioration 1, evolution 1, rot immunity
a: no special abilities


You were on level 2 of the Dungeon.
You were not hungry.

You visited 1 branch of the dungeon, and saw 2 of its levels.

You collected 59 gold pieces.

Inventory:

Hand Weapons
 a - a +0 war axe (weapon)
Armour
 c - a +0 shield (worn)
 i - a +0 chain mail (worn)
Potions
 d - a potion of might
 e - a potion of mutation
 g - a potion of flight {unknown}
 h - a potion of agility
Comestibles
 f - 2 rations


   Skills:
 + Level 3.2 Fighting
 * Level 2.3 Axes
 + Level 3.0 Armour
 + Level 3.1 Shields


You had 2 spell levels left.
You didn't know any spells.
Your spell library was empty.

Dungeon Overview and Level Annotations

Branches:
Dungeon (2/15)

Altars:


Innate Abilities, Weirdness & Mutations

You have a somewhat thin skeletal structure. (Dex +2, Stealth)
You are immune to rotting.
Your body sometimes deteriorates upon taking damage.
You evolve.


Message History

You hit the adder.
The adder is heavily wounded.
You feel sick. The adder barely misses you. The adder bites you.
* * * LOW HITPOINT WARNING * * *
You are more poisoned.
The adder poisons you!
Unknown command.
Your chain mail prevents you from hitting the adder.
The adder is heavily wounded.
* * * LOW HITPOINT WARNING * * *
You feel sick. The adder bites you but does no damage.
It was a potion of mutation.
You feel extremely strange.
You feel a little pissed off.
You feel a little more calm.
You feel yourself wasting away.
You feel nature experimenting on you.
Don't worry, failures die fast.
* * * LOW HITPOINT WARNING * * *
You feel sick.
The adder bites you but does no damage. x2
It was a potion of agility.
You feel agile all of a sudden.
You die...

## ## ... .#
#.? .. #.# .#
#.# .# # #.# .#
..
#.##.##)##....
##..<.†@.......
#.....S.!###.#.
#.###.#### #
#.# #.# #.. ###


You could see an adder.

Vanquished Creatures
  A dart slug (D:1)
  A leopard gecko (D:1)
  A giant cockroach (D:1)
  7 goblins (D:1)
  3 hobgoblins
  A quokka (D:2)
  5 bats (D:1)
  3 frilled lizards (D:1)
  3 kobolds
  3 rats (D:1)
28 creatures vanquished.

Notes
Turn   | Place    | Note
-------+----------+-------------------------------------------
     0 | D:1      | McKennaii the Demonspawn Fighter began the quest for the
                  | Orb.
     0 | D:1      | Reached XP level 1. HP: 18/18 MP: 1/1
   101 | D:1      | Gained mutation: You have a somewhat thin skeletal
                  | structure. (Dex +2, Stealth) [demonic ancestry]
   101 | D:1      | Reached XP level 2. HP: 24/24 MP: 2/2
   442 | D:1      | Gained mutation: You are immune to rotting. [demonic
                  | ancestry]
   442 | D:1      | Reached XP level 3. HP: 29/29 MP: 3/3
   596 | D:2      | Gained mutation: You tend to lose your temper in combat.
                  | [potion of mutation]
   596 | D:2      | Lost mutation: You tend to lose your temper in combat.
                  | [potion of mutation]
   596 | D:2      | Gained mutation: Your body sometimes deteriorates upon
                  | taking damage. [potion of mutation]
   596 | D:2      | Gained mutation: You evolve. [potion of mutation]
   596 | D:2      | HP: 1/29 [poisoned by an adder]
   597 | D:2      | Succumbed to an adder's poison

Levels and vault maps discovered:
D:1:      ncdulo_lavacross, layout_basic
D:2:      layout_loops_ring, old_standard_altar

Skill      XL: |  1  2 |
---------------+-------+-----
Axes           | 2 |  2.3
Shields        | 3 |  3.1
Armour         | 3 |  3.0
Fighting       | |  3.2

Action                   || total
-------------------------++-------
Melee: War axe           ||    84
  Use: Potion            ||     2
Armor: Scale mail        ||    27
       Chain mail        ||    24
Dodge: Dodged            ||    29
Block: Shield            ||    32
